 Dungeon Crawl Stone Soup version 0.22.1-1-ga44c0e56f4 (webtiles) character file.

1854 LLavrengius the Fighter (level 9, -26/112 HPs)
             Began as a Barachi Fighter on Oct 2, 2018.
             Was a Follower of Cheibriados (penitent).
             Killed by the air
             ... invoked by Gastronok
              (27 damage)
             ... on level 8 of the Dungeon.
             The game lasted 00:22:55 (7524 turns).

LLavrengius the Fighter (Barachi Fighter)           Turns: 7524, Time: 00:22:56

Health: -26/112    AC: 19    Str: 22    XL:     9   Next: 12%
Magic:  9/9        EV:  5    Int: 14    God:    Cheibriados [*]
Gold:   456        SH: 11    Dex: 13    Spells: 8/8 levels left

rFire    . . .     SeeInvis .   a - +0 long sword
rCold    . . .     Gourm    .   c - +0 shield
rNeg     . . .     Faith    .   I - +0 plate armour
rPois    +         Spirit   .   k - +1 helmet {Int+3}
rElec    .         Reflect  .   F - +1 cloak {rPois}
rCorr    .         Harm     .   y - +0 pair of gloves
MR       .....                  g - +1 pair of boots
Stlth    ..........             (no amulet)
HPRegen  0.28/turn              (no ring)
MPRegen  0.11/turn              (no ring)

@: berserking, slowed, very slow
A: +LOS, swims, slowness 1, strong legs 1
a: Hop, Renounce Religion


You were on level 8 of the Dungeon.
You worshipped Cheibriados.
Cheibriados was demanding penance.
You were hungry.

You visited 2 branches of the dungeon, and saw 9 of its levels.

You collected 456 gold pieces.

Inventory:

Hand Weapons
 a - a +0 long sword (weapon)
 j - a +1 hunting sling of velocity
Missiles
 s - 28 sling bullets
 H - 7 tomahawks (quivered)
Armour
 c - a +0 shield (worn)
 g - a +1 pair of boots (worn)
 k - a +1 helmet of intelligence (worn)
 y - a +0 pair of gloves (worn)
 F - a +1 cloak of poison resistance (worn)
 I - a +0 plate armour (worn)
Wands
 G - a wand of digging (13)
Scrolls
 e - 6 scrolls of identify
 h - a scroll of blinking
 m - 3 scrolls of teleportation
 n - 2 scrolls of magic mapping
 p - a scroll of enchant weapon {unknown}
 q - a scroll of noise {unknown}
 r - 2 scrolls of remove curse
 u - a scroll of enchant armour {unknown}
 w - a scroll of fog {unknown}
 C - a scroll of immolation {unknown}
 D - a scroll of random uselessness {unknown}
 E - a scroll of fear {unknown}
Potions
 b - a potion of agility {unknown}
 d - 2 potions of might
 i - a potion of cancellation {unknown}
 l - 3 potions of mutation {unknown}
 o - 2 potions of resistance {unknown}
 t - 2 potions of heal wounds {unknown}
 x - a potion of haste {unknown}
 z - a potion of lignification {unknown}
 A - a potion of invisibility {unknown}
 B - a potion of curing {unknown}
Comestibles
 f - 14 rations


   Skills:
 + Level 8.8 Fighting
 + Level 8.3 Long Blades
 - Level 3.6 Armour
 + Level 8.0 Shields


You had 8 spell levels left.
You didn't know any spells.
Your spell library was empty.

Dungeon Overview and Level Annotations

Branches:
Dungeon (8/15)             Temple (1/1) D:6
   Lair: D:8-11

Altars:
Cheibriados
Dithmenos
Elyvilon
Fedhas
Hepliaklqana
Kikubaaqudgha
Makhleb
Nemelex Xobeh
Okawaru
Qazlal
Ru
Uskayaw
Vehumet
Wu Jian
Xom
Yredelemnul
Zin
The Shining One

Shops:
D:7 [

Annotations:
D:4 3 runed doors, Dickchan's ghost, amateur DrTm
D:8 Gastronok


Innate Abilities, Weirdness & Mutations

Shadows flee at your approach. (+LOS)
You can swim through water.
You cover ground slowly.
You can hop short distances.


Message History

The quokka bites you but does no damage.
Gastronok waves his eye-stalks in wide circles.
The air twists around and strikes you!
* * * LOW HITPOINT WARNING * * *
Unknown command.
A red film seems to cover your vision as you go berserk!
Cheibriados thinks you should slow down.
You feel very guilty.
Cheibriados lowers the support of your attributes as your movement quickens. "You will pay for your transgression, mortal!"
Cheibriados forces you to slow down.
You feel mighty! You block the bat's attack.
The quokka bites you but does no damage.
The rat barely misses you. You block the quokka's attack.
The rat barely misses you.
You riposte.
You slash the rat!
You kill the rat!
The rat's corpse disappears in a puff of smoke!
Gastronok waves his eye-stalks in wide circles.
The air twists around and strikes you!
You die...

#################
.................
##########.########
.......rw@.<#
.##.....§rb.#
#..........#
#..#.......#
#.>........#
#######....# .....#
#####.# #.#


You could see Gastronok, 2 quokkas and a bat.

Vanquished Creatures
  Sigmund (D:5)
  Eustachio (D:4)
  A spriggan (D:7)
  An orc warrior (D:5)
  2 ogres
  2 bullfrogs
  4 wights (D:7)
  A crimson imp (D:6)
  2 hounds
  A jelly (D:6)
  3 orc priests
  Crazy Yiuf (D:7)
  A bullfrog skeleton (D:2)
  2 iguanas
  2 worker ants
  6 orc wizards
  A howler monkey zombie (D:6)
  9 adders
  7 gnolls
  A shadow imp (D:6)
  An ooze (D:3)
  An adder skeleton (D:7)
  2 worms (D:5)
  5 dart slugs
  5 leopard geckos
  19 orcs
  7 bats
  8 giant cockroaches
  10 goblins
  8 hobgoblins
  2 jackals (D:2)
  8 kobolds
  2 quokkas
  10 frilled lizards
  A jackal skeleton (D:7)
  7 rats
145 creatures vanquished.

Vanquished Creatures (others)
  An adder (D:2)
1 creature vanquished.

Grand Total: 146 creatures vanquished

Notes
Turn   | Place    | Note
-------+----------+-------------------------------------------
     0 | D:1      | LLavrengius the Barachi Fighter began the quest for the
                  | Orb.
     0 | D:1      | Reached XP level 1. HP: 18/18 MP: 1/1
   127 | D:1      | Reached XP level 2. HP: 23/25 MP: 2/2
   762 | D:1      | Reached XP level 3. HP: 30/30 MP: 3/3
   983 | D:2      | Found a hide-covered altar of Uskayaw.
   994 | D:2      | Reached XP level 4. HP: 36/38 MP: 4/4
  1274 | D:2      | Found a radiant altar of Vehumet.
  1653 | D:3      | Reached XP level 5. HP: 18/43 MP: 5/5
  1968 | D:3      | Reached skill level 5 in Fighting
  2020 | D:3      | Found a sparkling altar of Nemelex Xobeh.
  2603 | D:4      | Found a shimmering altar of Xom.
  2771 | D:4      | Noticed Eustachio
  2788 | D:4      | Killed Eustachio
  2788 | D:4      | Reached skill level 5 in Long Blades
  2788 | D:4      | Reached skill level 5 in Shields
  2788 | D:4      | Reached XP level 6. HP: 42/52 MP: 6/6
  2943 | D:4      | Found a runed gate.
  2944 | D:4      | Found a runed gate.
  2945 | D:4      | Found a runed gate.
  2950 | D:4      | Noticed Dickchan's ghost (amateur DrTm)
  2963 | D:4      | Reached XP level 7. HP: 7/58 MP: 7/7
  3375 | D:4      | Found a hazy altar of Hepliaklqana.
  3436 | D:4      | Found an ancient bone altar of Kikubaaqudgha.
  3905 | D:5      | Entered Level 5 of the Dungeon
  3952 | D:5      | Noticed Sigmund
  3982 | D:5      | Killed Sigmund
  4333 | D:5      | Found a glowing silver altar of Zin.
  4705 | D:5      | Found a glowing golden altar of the Shining One.
  4712 | D:5      | Became a worshipper of the Shining One
  4816 | D:6      | Reached XP level 8. HP: 58/67 MP: 8/8
  5104 | D:6      | Found a staircase to the Ecumenical Temple.
  5119 | Temple   | Entered the Ecumenical Temple
  5128 | Temple   | Fell from the grace of the Shining One
  5128 | Temple   | Became a worshipper of Cheibriados the Contemplative
  6113 | D:7      | Reached * piety under Cheibriados
  6197 | D:7      | Found Pefydoam's Antique Armour Shop.
  6326 | D:7      | Found a runed door.
  6330 | D:7      | Noticed Crazy Yiuf
  6335 | D:7      | Killed Crazy Yiuf
  6897 | D:7      | Reached XP level 9. HP: 71/75 MP: 9/9
  7173 | D:8      | Noticed Gastronok
  7523 | D:8      | HP: 1/75 [Gastronok/the air (16)]
  7524 | D:8      | Was placed under penance by Cheibriados
  7524 | D:8      | Killed from afar by Gastronok

Skill      XL: |  1  2  3  4  5  6  7  8  9 |
---------------+----------------------------+-----
Fighting       | 4 5 6 7 8 |  8.8
Long Blades    | 3 5 6 8 |  8.3
Shields        | 4 5 6 7 8 |  8.0
Armour         | |  3.6

Action                   |  1- 3 |  4- 6 |  7- 9 || total
-------------------------+-------+-------+-------++-------
Melee: Long sword        |   104 |   230 |   363 ||   697
Throw: Tomahawk          |       |       |     3 ||     3
 Abil: Hop               |       |       |     2 ||     2
  Use: Potion            |       |     1 |     1 ||     2
       Scroll            |       |       |     7 ||     7
 Stab: Distracted        |       |       |     1 ||     1
  Eat: Chunk             |       |     8 |    14 ||    22
Armor: Scale mail        |    40 |   142 |    72 ||   254
       Plate armour      |       |       |    91 ||    91
       Chain mail        |       |       |    14 ||    14
Dodge: Dodged            |    30 |    91 |    72 ||   193
Block: Shield            |    53 |   145 |   224 ||   422
       Rpst.: Long sword |     7 |    28 |    21 ||    56
